 Dungeon Crawl Stone Soup version 0.20.1-1-g8b1a95d (webtiles) character file.

261 empire the Conjurer (level 6, -11/32 HPs)
             Began as a Tengu Venom Mage on Sept 20, 2017.
             Mangled by ThereIsNoGod's ghost (15 damage)
             ... on level 4 of the Dungeon.
             The game lasted 00:10:27 (4706 turns).

empire the Conjurer (Tengu Venom Mage)              Turns: 4706, Time: 00:10:28

Health: -11/32     AC:  3    Str: 11    XL:     6   Next: 18%
Magic:  12/12      EV: 12    Int: 17    God:
Gold:   248        SH:  0    Dex: 12    Spells: 2/11 levels left

rFire    . . .     SeeInvis .   b - +0 short sword
rCold    . . .     Gourm    .   (no shield)
rNeg     . . .     Faith    .   d - +1 robe
rPois    .         Spirit   .   (helmet restricted)
rElec    .         Reflect  .   (no cloak)
rCorr    .         Harm     .   (no gloves)
MR       .....                  (boots unavailable)
Stlth    ++........             (no amulet)
Regen    0.1/turn               l - +2 ring of strength
MPRegen  0.2/turn               (no ring)

@: no status effects
A: beak, talons 3, clumsy 1, subdued magic 1, able to fly 1, sturdy frame 1
a: Fly


You were on level 4 of the Dungeon.
You were near starving.

You visited 1 branch of the dungeon, and saw 5 of its levels.

You collected 248 gold pieces.

Inventory:

Hand Weapons
 a - a +0 dagger
 b - a +0 short sword (weapon)
Armour
 d - a +1 robe (worn)
Jewellery
 l - a +2 ring of strength (left hand)
Scrolls
 e - 4 scrolls of identify {unknown}
 h - a scroll of teleportation {unknown}
 j - 2 scrolls of remove curse {unknown}
 k - 2 scrolls of enchant armour
 n - a scroll of magic mapping {unknown}
 p - a scroll of random uselessness {unknown}
Potions
 m - 3 potions of mutation
Books
 i - a Young Poisoner's Handbook

   Spells                             Type                      Level
   a - Sting                          Conjuration/Poison           1
   b - Poisonous Vapours              Poison/Air                   2
   c - Mephitic Cloud                 Conjuration/Poison/Air       3
   d - Olgreb's Toxic Radiance        Poison                       4
   e - Venom Bolt                     Conjuration/Poison           5
Comestibles
 c - 4 bread rations
 f - 2 meat rations
 g - 5 fruits


   Skills:
 - Level 2.1 Dodging
 - Level 2.0 Stealth
 + Level 3.3 Spellcasting
 + Level 4.5 Conjurations
 + Level 3.1 Air Magic
 + Level 4.0 Poison Magic


You had 2 spell levels left.
You knew the following spells:

 Your Spells              Type           Power        Failure   Level  Hunger
a - Sting                 Conj/Pois      ##..         1%          1    None
b - Mephitic Cloud        Conj/Pois/Air  ##......     8%          3    ###....
c - Venom Bolt            Conj/Pois      ##........   56%         5    ######.


Dungeon Overview and Level Annotations

Branches:
Dungeon (5/15)
 Temple: D:4-7

Altars:
The Shining One

Annotations:
D:4 ThereIsNoGod's ghost, amateur TrFi


Innate Abilities, Weirdness & Mutations

You have a beak for a mouth.
You have claws for feet.
You can fly.
You are clumsy. (Dex -2)
Your spells are a little easier to cast, but a little less powerful.
Your movements are slightly less encumbered by armour. (ER -2)


Message History

HP restored.
You see here 27 arrows.
Things that are here:
a flail; an orc skeleton
Found a stone staircase leading down.
ThereIsNoGod's ghost hits you!!
Ouch! That really hurt!
You hit ThereIsNoGod's ghost but do no damage.
You claw ThereIsNoGod's ghost.
ThereIsNoGod's ghost is lightly damaged.
ThereIsNoGod's ghost hits you!
* * * LOW HITPOINT WARNING * * *
As you read the scroll labeled FINWABUECH, it crumbles to dust.
It is a scroll of enchant armour.
Your +0 robe glows green for a moment.
ThereIsNoGod's ghost barely misses you.
It was a potion of mutation.
You feel extremely strange.
You feel clumsy.
Your connection to magic feels subdued.
You feel less encumbered by your armour.
ThereIsNoGod's ghost hits you!
You die...

#............(..
#.##############
#.# # #.# #
##########.# #
.......>.#.# #
#.##.# #
#W##.####### #
#.@......... #
#........... #
#...)....... #
#............ #
#............ #
#..)...........
#
...#...........
#
....#...........
# ...
#.#######.## #


You could see ThereIsNoGod's ghost.

Vanquished Creatures
  A hound (D:4)
  A bullfrog skeleton (D:4)
  A worker ant (D:4)
  3 gnolls (D:2)
  6 adders
  2 oozes (D:1)
  2 worms
  A dart slug (D:3)
  3 leopard geckos (D:2)
  3 orcs
  6 bats
  3 giant cockroaches
  9 goblins
  9 hobgoblins
  7 jackals
  2 quokkas
  A ball python (D:1)
  2 frilled lizards
  7 kobolds
  11 rats
80 creatures vanquished.

Notes
Turn   | Place    | Note
-------+----------+-------------------------------------------
     0 | D:1      | empire the Tengu Venom Mage began the quest for the Orb.
     0 | D:1      | Reached XP level 1. HP: 10/10 MP: 4/4
   256 | D:1      | Reached XP level 2. HP: 15/15 MP: 1/6
   363 | D:1      | Found a glowing golden altar of the Shining One.
   758 | D:1      | Reached XP level 3. HP: 14/19 MP: 1/7
  1130 | D:2      | Learned a level 3 spell: Mephitic Cloud
  1257 | D:2      | Reached skill level 1 in Air Magic
  1410 | D:2      | Reached XP level 4. HP: 16/24 MP: 3/9
  2041 | D:2      | Gained mutation: You can fly. [Tengu growth]
  2041 | D:2      | Reached XP level 5. HP: 16/28 MP: 7/10
  2883 | D:3      | Learned a level 5 spell: Venom Bolt
  4037 | D:4      | Reached XP level 6. HP: 17/32 MP: 10/12
  4393 | D:4      | Noticed ThereIsNoGod's ghost (amateur TrFi)
  4464 | D:5      | Entered Level 5 of the Dungeon
  4706 | D:4      | Gained mutation: You are clumsy. (Dex -2) [potion of mutation]
  4706 | D:4      | Gained mutation: Your spells are a little easier to cast, but a little less powerful. [potion of mutation]
  4706 | D:4      | Gained mutation: Your movements are slightly less encumbered by armour. (ER -2) [potion of mutation]
  4706 | D:4      | Mangled by ThereIsNoGod's ghost

Skill      XL: |  1  2  3  4  5 |
---------------+----------------+-----
Conjurations   | 2 3 4 |  4.5
Air Magic      | 1 2 3 |  3.1
Spellcasting   | 3 |  3.3
Poison Magic   | 4 |  4.0
Dodging        | |  2.1
Stealth        | |  2.0

Action                   |  1- 3 |  4- 6 || total
-------------------------+-------+-------++-------
Melee: Dagger            |    15 |       ||    15
       Peck              |     4 |    11 ||    15
       Kick              |     3 |    18 ||    21
       Short sword       |     6 |    68 ||    74
 Cast: Sting             |    62 |   101 ||   163
       Mephitic Cloud    |       |     4 ||     4
  Use: Scroll            |       |     1 ||     1
       Potion            |       |     1 ||     1
 Stab: Sleeping          |       |     2 ||     2
  Eat: Chunk             |     2 |     8 ||    10
       Fruit             |       |     1 ||     1
Armor: Robe              |     6 |    22 ||    28
Dodge: Dodged            |    31 |    97 ||   128
